 Dungeon Crawl Stone Soup version 0.32-a0-818-gb728d0252e (webtiles) character file.

Game seed: 9566826737997594072

162 ezpacito the Trooper (level 5, -10/42 HPs)
             Began as a Coglin Chaos Knight on Mar 24, 2024.
             Was a Plaything of Xom.
             Killed from afar by an orc wizard (12 damage)
             ... with a puff of flame
             ... on level 4 of the Dungeon.
             The game lasted 00:02:24 (2111 turns).

ezpacito the Trooper (Coglin Chaos Knight)          Turns: 2111, Time: 00:02:25

Health: -10/42     AC:  8    Str: 14    XL:     5   Next: 43%
Magic:  6/6        EV:  6    Int: 11    God:    Xom [..*...]
Gold:   217        SH:  0    Dex: 14    Spells: 6/6 levels left

rFire   . . .        a - +0 hand axe (chaos) {Wu}
rCold   . . .        f - +0 dagger (venom) {Lukas}
rNeg    . . .        s - +0 chain mail
rPois   .            (no helmet)
rElec   .            (no cloak)
rCorr   .            (no gloves)
SInv    .            (no boots)
Will    .....        (amulet unavailable) Stlth
                     (ring unavailable)
HPRegen 0.27/turn    (ring unavailable)
MPRegen 0.10/turn    (no gizmo)

%: no passive effects
@: no status effects
A: off-hand wielding, slow wielding, warmup strikes, no jewellery
a: Invent Gizmo, Renounce Religion


You were on level 4 of the Dungeon.
You worshipped Xom.
You were a toy of Xom.
You visited 1 branch of the dungeon, and saw 4 of its levels.

You collected 217 gold pieces.

Inventory:

Hand Weapons
 a - a +0 hand axe of chaos (weapon) {Wu}
 d - a +0 spear
 f - a +0 dagger of venom (offhand) {Lukas}
Missiles
 o - 2 poisoned darts (quivered)
 p - 3 boomerangs
 v - 2 throwing nets
Armour
 s - a +0 chain mail (worn)
Wands
 w - a wand of warping (11)
Scrolls
 c - a scroll of butterflies
 e - a scroll of blinking {unknown}
 g - 2 scrolls of fear
 h - a scroll of vulnerability {unknown}
 i - a scroll of teleportation {unknown}
 j - a scroll of revelation {unknown}
 k - a scroll of poison {unknown}
 l - a scroll of silence {unknown}
 m - a scroll of noise {unknown}
 n - a scroll of fog {unknown}
 q - a scroll of brand weapon {unknown}
 r - a scroll of torment {unknown}
Potions
 b - 2 potions of cancellation
 t - a potion of enlightenment
 u - a potion of brilliance


   Skills:
 * Level 3.8 Fighting
 * Level 3.6(3.7) Axes
 + Level 1.1(2.3) Polearms
 * Level 2.5 Armour
 * Level 2.1 Dodging
 + Level 0.5 Stealth
 + Level 1.0 Spellcasting
 + Level 0.2 Evocations


You had 6 spell levels left.
You didn't know any spells.
Your spell library contained the following spells:

 Spells                   Type           Power      Damage    Failure   Level
 Magic Dart               Conj           0%         1d3       99%         1
 Blink                    Tloc           0%         N/A       100%        2
 Call Imp                 Summ           0%         N/A       100%        2


Dungeon Overview and Level Annotations

Branches:
Dungeon (4/15)
 Temple: D:4-7

Altars:
Dithmenos


Innate Abilities, Weirdness & Mutations

You can wield a second weapon in your off-hand.
It takes a long time for you to wield or remove held weapons.
Your first few attacks do less damage.
You cannot equip rings or amulets.


Message History

The orc priest is heavily wounded.
You hit the orc priest but do no damage.
The orc priest looks as sick as possible!
The orc priest hits you but does no damage.
Okay, then.
As you read the scroll of fear, it crumbles to dust.
You assume a fearsome visage.
The orc priest looks frightened!
Throw: 2 darts (poison)
Press: ? - help, Q - select action, (/) - cycle Shift-Dir - straight line, f - orc priest
Aim: an orc priest, wielding a +0 hand axe (almost dead, fleeing, extremely poisoned, 56% to hit)
You throw a poisoned dart. The poisoned dart hits the orc priest.
The orc priest looks as sick as possible!
Your attack snaps the orc priest out of its fear.
The orc priest is almost dead.
You kill the orc priest!
Things that are here:
a +0 club; a +0 ring mail
Things that are here:
a +0 hand axe; a poisoned dart; an orc corpse
o - 2 poisoned darts (gained 1)
Things that are here:
a +0 club; a +0 ring mail
Things that are here:
a +0 club; a +0 scale mail You start resting.
There is a strange disturbance nearby!
You regained 2 hp, and now have 11/42 hp.
You hear the slow rusting of a drain nearby.
A puff of flame appears from out of thin air!
The puff of flame hits you!
* * * LOW HITPOINT WARNING * * *
You take 9 damage, and have 2/42 hp.
MASSIVE DAMAGE!!
Okay, then.
Aiming: Warp Space
Press: ? - help, Shift-Dir - straight line Space twists violently!
The rupture engulfs something!
A puff of flame appears from out of thin air!
The puff of flame hits you!
You die...
Xom chuckles heartily!

##.#. ... ##.## #...#
#.>.# # #...# .###
#####...##### .....
............######....{.
...............)@.......
.....<......##)###......
###.......####)# .....
#.#...#.# #.# ####
#.#...#.# #.# #?#...#.#
#.# ##.##.# ... ..=..#
.## .### .


There were no monsters in sight!

Vanquished Creatures
  A bombardier beetle (D:2)
  An orc priest (D:4)
  3 gnolls (D:3)
  2 ribbon worms (D:3)
  A dart slug (D:1)
  6 orcs
  4 ball pythons
  2 endoplasms
  2 giant cockroaches
  8 goblins
  4 hobgoblins
  5 jackals
  2 quokkas (D:2)
  2 bats
  8 frilled lizards
  6 kobolds
  6 rats
63 creatures vanquished.

Notes
Turn   | Place    | Note
-------+----------+-------------------------------------------
     0 | D:1      | ezpacito the Coglin Chaos Knight began the quest for the
                  | Orb.
     0 | D:1      | Reached XP level 1. HP: 18/18 MP: 1/1
    73 | D:1      | Reached skill level 1 in Dodging
    85 | D:1      | XOM: silly message
   110 | D:1      | Reached XP level 2. HP: 23/24 MP: 2/2
   114 | D:1      | XOM: enchant monster (bad)
   216 | D:1      | XOM: swap monsters
   352 | D:1      | Reached XP level 3. HP: 25/29 MP: 3/3
   513 | D:1      | XOM: stat loss: -1 Int (10/11)
   709 | D:2      | Reached XP level 4. HP: 33/35 MP: 4/4
  1238 | D:3      | Found a faded altar of an unknown god.
  1246 | D:3      | XOM: 1-stop teleportation journey
  1320 | D:3      | XOM: silly message
  1422 | D:3      | Reached skill level 1 in Polearms
  1422 | D:3      | Reached XP level 5. HP: 13/42 MP: 6/6
  1478 | D:3      | XOM: 5-stop teleportation journey
  1605 | D:3      | Found a shadowy altar of Dithmenos.
  1928 | D:3      | Reached skill level 1 in Spellcasting
  2110 | D:4      | HP: 2/42 [something/puff of flame (9)]
  2111 | D:4      | Killed from afar by an orc wizard

Illustrated notes

Levels and vault maps discovered:
D:1:      lordsloth_arrival_two_stooges, layout_loops_cross,
          minmay_split_cup_large
D:2:      layout_rooms, minmay_distorted
D:3:      layout_loops_ring, grunt_dithmenos_smoke_and_mirrors,
          shapermc_ecumenical_altar_totnotflames, grunt_ministairs_14
D:4:      layout_loops_cross, trog_hazing_becter,
          mainiacjoe_sewer_entry_somewhere_in_here_1, minmay_fire_ice_demons

Skill      XL: |  1  2  3  4  5 |
---------------+----------------+-----
Dodging        | 1 2 |  2.1
Armour         | 2 |  2.5
Polearms       | 1 |  1.1
Spellcasting   | 1 |  1.0
Fighting       | |  3.8
Axes           | |  3.6
Stealth        | |  0.5
Evocations     | |  0.2

Action                     |  1- 3 |  4- 6 || total
---------------------------+-------+-------++-------
  Melee: Dagger            |    58 |    61 ||   119
         Hand axe          |    59 |    65 ||   124
  Throw: Dart              |       |     1 ||     1
  Evoke: Wand              |       |     1 ||     1
    Use: Potion            |       |     1 ||     1
         Scroll            |       |     5 ||     5
 Armour: Leather armour    |    44 |    34 ||    78
         Chain mail        |       |    17 ||    17
  Dodge: Dodged            |    24 |    30 ||    54

Table legend: (Time is in decaauts)
 A = Elapsed time spent in this place.
 B = Non-inter-level travel time spent in this place.
 C = Inter-level travel time spent in this place.
 D = Time resting spent in this place.
 E = Time spent auto-exploring this place.
 F = Levels seen in this place.
 G = Mean time per level.
                   A        B        C        D        E       F      G
               +--------+--------+--------+--------+--------+-----+--------+
         Total |   2120 |   2046 |     74 |      9 |   1642 |   4 |  530.0 |
       Dungeon |   2120 |   2046 |     74 |      9 |   1642 |   4 |  530.0 |
               +--------+--------+--------+--------+--------+-----+--------+

Top non-repeatable levels by time:
     D:3: 950 daAuts
     D:1: 669 daAuts
     D:2: 449 daAuts
     D:4: 50 daAuts
